 Dungeon Crawl Stone Soup version 0.20-a0-1127-g1289703 (webtiles) character file.

131 Lexie the Firebug (level 5, -2/31 HPs)
             Began as an Octopode Fire Elementalist on May 18, 2017.
             Slain by a gnoll
             ... wielding a +2 dagger of venom
              (7 damage)
             ... on level 3 of the Dungeon.
             The game lasted 00:02:31 (2628 turns).

Lexie the Firebug (Octopode Fire Elementalist)      Turns: 2628, Time: 00:02:32

Health: -2/31      AC:  1    Str:  7    XL:     5   Next: 14%
Magic:  3/10       EV: 13    Int: 18    God:
Gold:   82         SH:  0    Dex: 13    Spells: 4/10 levels left

rFire    . . .     SeeInvis +   l - +0 dagger
rCold    . . .     Gourm    .   (no shield)
rNeg     . . .     Faith    .   (helmet restricted)
rPois    .         Spirit   .   (no amulet)
rElec    .         Reflect  .   f - ring of see invisible
rCorr    .         Harm     .   (no ring)
MR       .....                  (no ring)
Stlth    +++.......             (no ring)
Regen    0.1/turn               (no ring)
MPRegen  0.2/turn               (no ring)
                                (no ring)
                                (no ring)

@: lethally poisoned (-2 -> -19)
A: almost no armour, stealthy swim, amphibious, 8 rings, constrict 8, camouflage
1, gelatinous body 1
a: no special abilities


You were on level 3 of the Dungeon.
You were not hungry.

You visited 1 branch of the dungeon, and saw 3 of its levels.

You collected 82 gold pieces.

Inventory:

Hand Weapons
 l - a +0 dagger (weapon)
Jewellery
 f - a ring of see invisible (left tentacle)
Scrolls
 c - 3 scrolls of identify {unknown}
 e - 2 scrolls of immolation {unknown}
 g - 3 scrolls of teleportation {unknown}
 h - a scroll of blinking {unknown}
 j - a scroll of recharging {unknown}
Potions
 i - a potion of brilliance {unknown}
 k - a potion of mutation {unknown}
 n - a potion of degeneration {unknown}
 o - a potion of haste {unknown}
Books
 a - a book of Flames

   Spells                             Type                      Level
   a - Flame Tongue                   Conjuration/Fire             1
   b - Throw Flame                    Conjuration/Fire             2
   c - Conjure Flame                  Conjuration/Fire             3
   d - Inner Flame                    Hexes/Fire                   3
   e - Sticky Flame                   Conjuration/Fire             4
   f - Fireball                       Conjuration/Fire             5
Comestibles
 b - 3 bread rations
 d - a meat ration
 m - 2 chunks of flesh
 p - 4 fruits


   Skills:
 - Level 2.0 Dodging
 - Level 2.6 Stealth
 * Level 3.4 Spellcasting
 * Level 3.0 Conjurations
 + Level 3.6 Fire Magic


You had 4 spell levels left.
You knew the following spells:

 Your Spells              Type           Power        Failure   Level  Hunger
a - Flame Tongue          Conj/Fire      ###..        4%          1    None
b - Throw Flame           Conj/Fire      ###...       6%          2    ##.....
c - Conjure Flame         Conj/Fire      ###.....     12%         3    ###....


Dungeon Overview and Level Annotations

Branches:
Dungeon (3/15)

Altars:
Okawaru


Innate Abilities, Weirdness & Mutations

You cannot wear most types of armour.
You are very stealthy in the water. (Stealth+)
You are amphibious.
You can wear up to eight rings at the same time.
You can use your tentacles to constrict eight enemies at once.
Your skin changes colour to match your surroundings (Stealth+).
Your rubbery body absorbs attacks. (AC +1, EV +1)


Message History

Confirm with . or Enter, or press ? or * to list all spells.
Aiming: Flame Tongue
Press: ? - help, Shift-Dir - straight line, f/p - gnoll
Aim: a gnoll, wielding a dagger of venom (moderately wounded)
The flame tongue hits the gnoll.
The gnoll is almost dead.
You feel sick.
The gnoll hits you with a dagger of venom.
* * * LOW HITPOINT WARNING * * *
You are lethally poisoned!
Casting: Flame Tongue
Confirm with . or Enter, or press ? or * to list all spells.
Aiming: Flame Tongue
Press: ? - help, Shift-Dir - straight line, f/p - gnoll
Aim: a gnoll, wielding a dagger of venom (almost dead)
The flame tongue misses the gnoll.
* * * LOW HITPOINT WARNING * * *
You feel sick.
The gnoll hits you with a dagger of venom!
You die...

# # #... # #..# # # #..# # #.
#..# ######### #.##..#
........## #.....#
.........############...#######
#####...(.....<.@..$......>...#
# ####......###g......#####.#
####.#..†(..........##.#
#.#..##.########.##.# #.#..##.#
#.##)# ##.#..##># #.##.#
##.#...##.## #.##.# ######
#.###..#...#######.##.#
......###..#......g)..........#


You could see a gnoll.

Vanquished Creatures
  A hound (D:3)
  2 adders (D:2)
  3 gnolls (D:3)
  3 oozes
  A worm (D:2)
  A leopard gecko (D:1)
  A ball python (D:2)
  2 giant cockroaches
  3 goblins
  5 hobgoblins
  5 bats
  6 frilled lizards
  6 kobolds
  11 rats
50 creatures vanquished.

Notes
Turn   | Place    | Note
-------+----------+-------------------------------------------
     0 | D:1      | Lexie the Octopode Fire Elementalist began the quest for the Orb.
     0 | D:1      | Reached XP level 1. HP: 11/11 MP: 3/3
   215 | D:1      | Reached XP level 2. HP: 17/17 MP: 1/5
   886 | D:1      | Reached XP level 3. HP: 21/21 MP: 3/6
   890 | D:1      | Learned a level 2 spell: Throw Flame
   894 | D:1      | Learned a level 3 spell: Conjure Flame
  1693 | D:2      | Reached XP level 4. HP: 26/27 MP: 6/8
  2527 | D:3      | Found an iron altar of Okawaru.
  2617 | D:3      | Reached XP level 5. HP: 19/31 MP: 6/10
  2628 | D:3      | Slain by a gnoll

Vault maps used:
D:1:      eino_arrival_water_star, minmay_rat_gold_closets
D:3:      okawaru_trees_2, uniq_natasha

Skill      XL: |  1  2  3  4 |
---------------+-------------+-----
Conjurations   | 2 3 |  3.0
Spellcasting   | 3 |  3.4
Dodging        | |  2.0
Stealth        | |  2.6
Fire Magic     | |  3.6

Action                   |  1- 3 |  4- 6 || total
-------------------------+-------+-------++-------
Melee: Unarmed           |    13 |    12 ||    25
       Tentacles         |     4 |     2 ||     6
       Constrict         |     4 |     5 ||     9
       Dagger            |       |     2 ||     2
 Cast: Flame Tongue      |    49 |    39 ||    88
       Throw Flame       |       |     1 ||     1
 Stab: Sleeping          |       |     2 ||     2
  Eat: Chunk             |     3 |     3 ||     6
Armor: Skin              |     7 |       ||     7
Dodge: Dodged            |    15 |    19 ||    34
